 Dungeon Crawl Stone Soup version 0.22-a0-469-gf26638a (webtiles) character file.

161 Sergey the Insei (level 5, 0/24 HPs)
             Began as a Vine Stalker Ice Elementalist on June 11, 2018.
             Slain by an orc
             ... wielding a +0 hand axe
              (1 damage)
             ... on level 4 of the Dungeon.
             The game lasted 00:03:43 (424 turns).

Sergey the Insei (Vine Stalker Ice Elementalist)     Turns: 424, Time: 00:03:43

Health: 0/24       AC:  3    Str: 11    XL:     5   Next: 42%
Magic:  0/9        EV: 12    Int: 16    God:
Gold:   63         SH:  0    Dex: 14    Spells: 4/8 levels left

rFire    . . .     SeeInvis .     - Unarmed
rCold    . . .     Gourm    .   (no shield)
rNeg     . . .     Faith    .   a - +0 robe
rPois    .         Spirit   +   (no helmet)
rElec    .         Reflect  .   (no cloak)
rCorr    .         Harm     .   (no gloves)
MR       .....                  b - +0 pair of boots
Stlth    ++........             (no amulet)
HPRegen  0.48/turn              (no ring)
MPRegen  0.11/turn              (no ring)

@: no status effects
A: fangs 2, regeneration 1, magic shield, antimagic bite, no potion heal 3, rot
immunity
a: no special abilities


You were on level 4 of the Dungeon.
You were not hungry.

You visited 1 branch of the dungeon, and saw 4 of its levels.

You collected 63 gold pieces.

Inventory:

Hand Weapons
 d - a +0 dagger
Missiles
 i - 12 poisoned needles
Armour
 a - a +0 robe (worn)
 b - a +0 pair of boots (worn)
Wands
 l - a wand of acid (3)
Scrolls
 e - a scroll of fog {unknown}
 h - a scroll of remove curse {unknown}
 j - a scroll of teleportation {unknown}
 k - a scroll of blinking {unknown}
 o - a scroll of identify {unknown}
Potions
 g - a potion of brilliance {unknown}
 m - a potion of resistance {unknown}
 n - a potion of lignification {unknown}
Comestibles
 c - 4 rations
 f - 3 chunks of flesh


   Skills:
 - Level 1.5 Dodging
 - Level 2.4 Stealth
 * Level 4.9 Unarmed Combat
 - Level 2.1 Spellcasting
   Level 1.0 Conjurations
 - Level 3.0 Ice Magic


You had 4 spell levels left.
You knew the following spells:

 Your Spells              Type           Power        Failure   Level  Hunger
a - Freeze                Ice            ##..         6%          1    #......
c - Ozocubu's Armour      Chrm/Ice       #.......     32%         3    ###....

Your spell library contained the following spells:

 Spells                   Type           Power        Failure   Level  Hunger
 Throw Frost              Conj/Ice       #.....       14%         2    ###....
 Summon Ice Beast         Ice/Summ       #.......     73%         4    #####..
 Throw Icicle             Conj/Ice       #.......     65%         4    #####..


Dungeon Overview and Level Annotations

Branches:
Dungeon (4/15)
 Temple: D:4-7

Altars:


Innate Abilities, Weirdness & Mutations

You have extremely sharp teeth.
Your natural rate of healing is unusually fast.
When hurt, damage is shared between your health and your magic reserves.
Your bite disrupts and absorbs the magic of your enemies.
Potions cannot restore your health.
You are immune to rotting.


Message History

Things that are here:
a dagger of holy wrath; a robe The orc hits you with a war axe.
* * * LOW HITPOINT WARNING * * *
An orc priest comes into view. It is wielding a club.
Okay, then.
Okay, then.
Evoke which item? (* to show all) (? for menu, Esc to quit)
Aiming: Corrosive Bolt
Press: ? - help, Shift-Dir - straight line, f - orc priest
Aim: an orc priest, wielding a club (hasn't noticed you)
The bolt of acid hits the orc.
The orc is splashed with acid.
You kill the orc!
The bolt of acid hits the orc priest.
The orc priest is splashed with acid.
The orc priest is almost dead.
The orc priest shouts!
You hear a shout!
The orc hits you.
* * * LOW HITPOINT WARNING * * *
The orc hits you with a hand axe.
You die...

########....##.....##......#
#..#........###+#####......#
#.....#......#.............#
#.....#......+.............#
#.....#......#.............#
#.....#......#.............#
####..###.....##.............#
#...#####.....##..o....รท.....#
##...............@o..........# .
#...............))..##.....## ..
###...##...##.##.######.....##...
..#...####### #o #..........
............# .. #..........
..>.........# ... +..).......
............# ... #..)..##...
#.##<.########### #.....# ## #..#
#.......


You could see an orc priest and 2 orcs.

Vanquished Creatures
  A scorpion (D:4)
  A hound (D:4)
  An orc wizard (D:4)
  3 adders
  A shadow imp (D:4)
  A leopard gecko (D:4)
  3 orcs (D:4)
  2 goblins (D:2)
  2 hobgoblins (D:1)
  A bat (D:2)
  A frilled lizard (D:2)
  A kobold (D:2)
  A leopard gecko skeleton (D:4)
  A rat (D:1)
20 creatures vanquished.

Notes
Turn   | Place    | Note
-------+----------+-------------------------------------------
     0 | D:1      | Sergey the Vine Stalker Ice Elementalist began the quest for the Orb.
     0 | D:1      | Reached XP level 1. HP: 9/9 MP: 4/4
     2 | D:1      | Noticed an ogre
     4 | D:1      | Noticed a halfling
     6 | D:1      | Noticed a demigod
     6 | D:1      | Noticed an octopode
     8 | D:1      | Noticed a troll
     8 | D:1      | Noticed a vampire
    10 | D:1      | Noticed a human
    10 | D:1      | Noticed an elf
    12 | D:1      | Noticed a spriggan
    14 | D:1      | Noticed a minotaur
    14 | D:1      | Noticed a draconian
    16 | D:1      | Noticed a centaur
    16 | D:1      | Noticed a demonspawn
    19 | D:1      | Noticed a felid
    19 | D:1      | Noticed a tengu
    21 | D:1      | Noticed a merfolk
    23 | D:1      | Noticed a vine stalker
    23 | D:1      | Noticed a gargoyle
    25 | D:1      | Noticed a formicid
    25 | D:1      | Noticed a dwarf
    27 | D:1      | Noticed a naga
    27 | D:1      | Noticed a ghoul
    87 | D:1      | Reached skill level 1 in Unarmed Combat
   132 | D:2      | Reached XP level 2. HP: 13/13 MP: 0/6
   167 | D:3      | Reached skill level 2 in Unarmed Combat
   285 | D:3      | Reached XP level 3. HP: 11/16 MP: 7/7
   355 | D:4      | Noticed a scorpion
   364 | D:4      | Reached skill level 3 in Unarmed Combat
   364 | D:4      | Gained mutation: Your natural rate of healing is unusually fast. [Vine Stalker growth]
   364 | D:4      | Reached XP level 4. HP: 20/21 MP: 8/8
   369 | D:4      | Reached skill level 4 in Unarmed Combat
   369 | D:4      | Reached XP level 5. HP: 23/24 MP: 4/9
   374 | D:4      | Learned a level 3 spell: Ozocubu's Armour
   424 | D:4      | HP: 1/24 [orc (1)]
   424 | D:4      | Slain by an orc

Vault maps used:
D:1:      kb_arrival_jail
D:2:      uniq_terence, uniq_sigmund, uniq_natasha
D:3:      minitemple, first_ration

Skill      XL: |  1  2  3  4 |
---------------+-------------+-----
Unarmed Combat | 1 2 3 4 |  4.9
Dodging        | |  1.5
Stealth        | |  2.4
Spellcasting   | |  2.1
Conjurations   | |  1.0
Ice Magic      | |  3.0

Action                   |  1- 3 |  4- 6 || total
-------------------------+-------+-------++-------
Melee: Unarmed           |     8 |     6 ||    14
       Bite              |     1 |     1 ||     2
 Cast: Freeze            |    13 |    10 ||    23
Evoke: Wand              |     3 |     4 ||     7
  Use: Potion            |     1 |       ||     1
 Stab: Sleeping          |     1 |       ||     1
Armor: Robe              |     4 |     2 ||     6
Dodge: Dodged            |    11 |     8 ||    19

Table legend:
 A = Spawn XP
 B = Non-spawn XP
 C = Spawn XP percentage of total XP
 D = Spawn monster count
 E = Non-spawn monster count
 F = Spawn count percentage of total count
 G = Total turns spent on level
                    A         B        C        D         E        F      G
               +---------+---------+-------+---------+---------+-------+---------
         Total |       0 |     230 |   0.0 |       0 |      20 |   0.0 |   424
               +---------+---------+-------+---------+---------+-------+---------
           D:1 |       0 |       5 |   0.0 |       0 |       3 |   0.0 |   132
           D:2 |       0 |       7 |   0.0 |       0 |       5 |   0.0 |    91
           D:3 |       0 |      26 |   0.0 |       0 |       2 |   0.0 |    80
           D:4 |       0 |     192 |   0.0 |       0 |      10 |   0.0 |   121
               +---------+---------+-------+---------+---------+-------+---------
